Map: Ancient Cistern LE

Players

A.I. 2 (Very Easy) - Winner!

  • Race: Terran Terran
  • Spawn Location: 7:00

Koda

  • Race: Terran Terran
  • League: Grandmaster
  • Spawn Location: 1:00

VOD

Have the link to the VOD?

Description

Time

  • Played on: Aug. 2, 2023, 8:44 p.m.
  • Length: 8:38
Show
View Real Time Build Order
Export as new Build Order

A.I. 2 (Very Easy) Terran - Winner!

Build Orders:  

Get SALT Encoding   

  12  0:00  SCV  
  13  0:13  SCV  
  14  0:18  Supply Depot  
  14  0:37  Refinery  
  14  0:42  Barracks  
  14  1:02  Supply Depot  
  14  1:12  Refinery  
  14  1:28  SCV  
  14  1:29  Marine  
  16  1:41  SCV  
  17  1:53  SCV  
  18  1:59  Marine  
  19  2:05  SCV  
  20  2:17  SCV  
  21  2:29  Marine, SCV  
  23  2:41  Orbital Command  
  23  5:38  SCV  
  23  5:39  Marine  
  23  5:41  Supply Depot  
  25  5:43  Factory  
  25  6:02  SCV  
  26  6:05  Supply Depot  
  26  6:11  Barracks Tech Lab  
  26  6:14  SCV  
  24  6:26  SCV  
  24  6:28  Starport, Marine  
  26  6:38  SCV  
  26  6:42  Command Center  
  26  6:51  SCV  
  27  7:00  Marine  
  28  7:06  Starport Tech Lab  
  28  7:26  Raven  
  28  7:29  Hellion  
  31  7:35  SCV  
  26  7:47  SCV  
  23  7:58  Hellion  
  20  8:00  SCV  
Show
View Real Time Build Order
Export as new Build Order

Koda Terran 

Build Orders:  

Get SALT Encoding   

  12  0:00  SCV  
  13  0:13  SCV  
  14  0:17  Supply Depot  
  14  0:25  SCV  
  15  0:39  SCV  
  15  0:41  Barracks  
  16  0:43  Refinery  
  16  0:51  SCV  
  17  1:03  SCV  
  18  1:15  SCV  
  19  1:28  Orbital Command  
  19  1:29  Barracks Reactor  
  19  1:46  Command Center  
  19  1:54  SCV  
  20  1:58  Barracks  
  20  2:03  Supply Depot  
  20  2:07  SCV  
  21  2:10  Marine  
  21  2:13  Marine  
  23  2:28  Marine, SCV  
  25  2:31  Marine  
  26  2:39  Barracks  
  26  2:40  SCV  
  27  2:46  Barracks Tech Lab  
  27  2:47  Marine  
  27  2:49  Marine  
  29  2:52  SCV  
  29  2:54  Engineering Bay  
  31  3:01  Orbital Command  
  31  3:05  SCV  
  31  3:08  Stimpack  
  31  3:10  Marine  
  32  3:13  Marine  
  32  3:15  Marine  
  34  3:26  SCV  
  35  3:28  Marine, SCV  
  35  3:31  Marine  
  39  3:37  Marine, Barracks Tech Lab  
  39  3:38  SCV  
  39  3:39  Terran Infantry Weapons Level 1  
  39  3:41  SCV  
  41  3:46  Marine  
  41  3:47  Supply Depot  
  42  3:50  SCV  
  42  3:52  Marine, Supply Depot  
  42  3:53  SCV  
  45  3:56  Marine  
  45  4:00  Combat Shield  
  46  4:08  Marine x2, SCV x2  
  50  4:13  Supply Depot  
  50  4:14  Marine  
  51  4:20  Factory, Marine, SCV x2  
  54  4:26  Marine  
  54  4:28  Refinery  
  54  4:29  Refinery  
  55  4:32  Marauder, Marine, SCV  
  55  4:34  SCV  
  60  4:39  Marine, Supply Depot  
  60  4:43  Marine  
  60  4:44  SCV  
  63  4:45  Supply Depot  
  63  4:49  SCV  
  63  4:50  Marine  
  65  4:57  SCV  
  65  4:59  Supply Depot  
  66  5:00  Marine x2  
  66  5:01  SCV  
  66  5:04  Supply Depot  
  69  5:07  Starport  
  69  5:08  Factory Reactor  
  69  5:09  SCV  
  69  5:11  Marine x2  
  69  5:13  SCV  
  73  5:19  Supply Depot  
  73  5:20  Marine x2  
  73  5:21  SCV  
  76  5:25  SCV, Supply Depot  
  77  5:30  Marine x2  
  79  5:40  Marine x2  
  83  5:47  Refinery, Supply Depot  
  83  5:50  Barracks  
  83  5:55  Medivac x2, Factory Tech Lab  
  83  5:56  Barracks  
  85  5:59  Marine x3  
  85  6:03  Marine  
  89  6:14  Siege Tank  
  89  6:16  Concussive Shells  
  89  6:17  Marine x2  
  89  6:18  Marauder  
  96  6:22  Marauder  
  96  6:23  Supply Depot  
  98  6:27  Liberator  
  98  6:28  Liberator  
  104  6:35  Marine x2  
  104  6:37  Marine, Supply Depot  
  104  6:39  Marine  
  108  6:42  Marine  
  108  6:43  Marine  
  110  6:52  Siege Tank  
  110  6:53  Marine x2  
  115  6:55  Supply Depot  
  115  6:59  Marine x2  
  115  7:00  Marine  
  118  7:04  Marine  
  119  7:10  Liberator, Marine x2  
  119  7:12  Liberator, Supply Depot  
  127  7:17  Marine x2  
  127  7:20  Marine  
  127  7:22  Marine  
  131  7:28  Marine x2, Siege Tank  
  136  7:34  Marine  
  137  7:37  Marine  
  137  7:38  Marine  
  137  7:41  Marine, Supply Depot  
  140  7:45  Supply Depot  
  140  7:46  Marine  
  141  7:51  Marine  
  141  7:52  Marine  
  141  7:53  Liberator  
  141  7:55  Marine x2  
Tags
 
Add a new tag
Caveats
  • Supply blocks, unpowered buildings, or Contaminate may cause inaccurate times.
  • Supply counts are checked every 10 seconds.